Map: Blueshift LE

Players

RexRequired - Winner!

  • Race: Terran Terran
  • Spawn Location: 7:00

HeatedStove

  • Race: Terran Terran
  • League: Master
  • Spawn Location: 1:00

VOD

Have the link to the VOD?

Description

Time

  • Played on: Dec. 22, 2018, 6:12 p.m.
  • Length: 18:56
Show
View Real Time Build Order
Export as new Build Order

RexRequired Terran - Winner!

Build Orders:  

Get SALT Encoding   

  12  0:00  SCV  
  13  0:12  SCV  
  14  0:17  Supply Depot  
  14  0:25  SCV  
  14  0:27  Refinery  
  15  0:38  SCV  
  16  0:44  Barracks  
  16  0:50  SCV  
  16  0:54  Refinery  
  17  1:02  SCV  
  18  1:14  SCV  
  19  1:30  Orbital Command  
  19  1:31  Reaper  
  20  1:33  Factory  
  20  1:46  Supply Depot  
  20  1:56  SCV  
  21  2:03  Reaper  
  22  2:08  SCV  
  23  2:17  Hellion  
  23  2:20  SCV  
  26  2:27  Command Center  
  26  2:32  SCV  
  27  2:38  Widow Mine  
  27  2:41  Starport  
  29  2:44  SCV  
  29  2:48  Barracks Reactor  
  30  2:55  Supply Depot  
  30  2:57  SCV  
  30  3:09  SCV  
  30  3:12  Factory Tech Lab  
  30  3:19  Starport Tech Lab  
  30  3:21  SCV  
  30  3:26  Marine x2  
  33  3:33  SCV  
  32  3:36  Cyclone  
  32  3:39  Orbital Command  
  35  3:41  Raven  
  35  3:45  SCV  
  35  3:47  Marine x2  
  40  3:57  SCV  
  41  4:04  Supply Depot, SCV  
  41  4:06  Marine  
  41  4:07  Marine  
  41  4:08  Siege Tank  
  41  4:09  SCV  
  48  4:16  SCV  
  49  4:21  SCV  
  49  4:22  Supply Depot  
  50  4:29  SCV  
  51  4:33  SCV  
  51  4:35  Starport Reactor, Command Center  
  51  4:36  Stimpack  
  52  4:41  SCV  
  52  4:45  Siege Tank  
  56  4:46  SCV  
  56  4:49  Barracks  
  57  4:53  Barracks  
  57  4:55  Marine  
  57  4:57  SCV  
  57  4:59  SCV  
  60  5:05  Supply Depot  
  60  5:06  Refinery  
  60  5:07  Refinery  
  60  5:09  SCV  
  60  5:12  SCV  
  62  5:16  Marine  
  62  5:18  Starport Reactor  
  61  5:21  SCV  
  61  5:24  Engineering Bay, SCV  
  61  5:28  Engineering Bay  
  63  5:33  Siege Tank  
  63  5:34  SCV  
  67  5:35  Marine  
  67  5:36  SCV  
  67  5:42  Supply Depot  
  69  5:44  Marine  
  69  5:45  Marine  
  69  5:46  SCV  
  69  5:48  SCV  
  73  5:50  Marine x2  
  73  5:51  Orbital Command  
  73  5:56  Medivac  
  77  5:57  Medivac  
  77  6:01  Terran Infantry Weapons Level 1  
  77  6:02  Terran Infantry Armor Level 1  
  77  6:04  SCV  
  80  6:06  SCV  
  80  6:08  Marine x3  
  80  6:09  Marine  
  85  6:11  Marine  
  85  6:14  Siege Tank  
  85  6:16  Orbital Command  
  89  6:20  SCV x2  
  91  6:26  Marine x3  
  91  6:27  Marine  
  91  6:29  Marine  
  91  6:32  SCV x2  
  98  6:38  Medivac  
  98  6:39  Supply Depot  
  100  6:40  Combat Shield  
  100  6:44  SCV  
  101  6:56  Supply Depot  
  101  6:57  Supply Depot, Sensor Tower  
  101  7:01  Marine x4, SCV x2, Medivac  
  103  7:02  Marine  
  103  7:07  Missile Turret  
  103  7:08  Missile Turret  
  109  7:15  SCV  
  109  7:16  Barracks  
  109  7:17  Liberator x2, SCV  
  109  7:18  Barracks  
  109  7:19  Marine x4  
  109  7:20  Marine  
  109  7:22  Siege Tank  
  110  7:27  SCV  
  88  7:36  Marine x4  
  97  7:38  Marine  
  98  7:50  Supply Depot  
  97  7:54  Marine x4, Siege Tank  
  97  7:56  Marine  
  98  8:00  Orbital Command  
  90  8:12  Marine x4  
  91  8:14  Marine  
  88  8:26  Siege Tank  
  84  8:30  Marine  
  82  8:41  Orbital Command  
  75  8:43  Marine x3  
  75  8:44  Marine  
  74  8:49  Marine x3  
  75  8:58  Siege Tank  
  75  8:59  SCV x2  
  75  9:01  Marine x4  
  84  9:06  Marine  
  84  9:07  Marine, SCV  
  88  9:11  SCV x2  
  90  9:19  Marine x3  
  90  9:21  Barracks Reactor x2  
  91  9:24  Marine  
  91  9:25  Marine, SCV x3  
  91  9:30  Medivac x2  
  91  9:31  Siege Tank  
  103  9:35  Refinery x2  
  103  9:37  Marine x3, Supply Depot x2, SCV x2  
  103  9:38  SCV  
  109  9:42  Marine x2  
  111  9:50  SCV x3  
  114  9:54  Marine  
  114  9:55  Marine x2  
  114  9:57  Marine  
  118  10:00  Marine x2  
  118  10:01  Refinery  
  118  10:02  SCV x3  
  123  10:07  Command Center  
  123  10:09  Marine x3  
  123  10:12  Marine x2  
  123  10:13  Marine  
  129  10:14  SCV x3  
  129  10:15  Marine  
  129  10:16  Armory  
  129  10:18  Marine x2  
  129  10:19  Barracks  
  132  10:22  Barracks x2  
  132  10:24  Medivac x2  
  132  10:26  Marine, SCV x2  
  132  10:27  Marine x2  
  140  10:30  SCV  
  141  10:39  Marine x4  
  141  10:40  Marine x2, SCV  
  139  10:44  Marine x2  
  141  10:56  Missile Turret  
  141  10:57  Missile Turret  
  141  11:14  Supply Depot x2  
  141  11:15  Supply Depot  
  141  11:17  Marine  
  141  11:18  Marine x8, Medivac x2  
  155  11:31  Siege Tank, Barracks Reactor x3  
  156  11:35  Marine  
  156  11:36  Marine x8  
  165  11:48  Medivac x2  
  165  11:53  Marine  
  165  11:54  Marine x8  
  170  12:03  Siege Tank  
  173  12:09  Marine x2  
  173  12:10  Marine x4  
  173  12:11  Marine, Terran Infantry Armor Level 2, Terran Infantry Weapons Level 2  
  173  12:13  Terran Vehicle Weapons Level 1  
  180  12:29  Supply Depot  
  180  12:34  Marine x5, Medivac x2  
  180  12:35  Marine x2  
  180  12:36  Siege Tank  
  176  12:43  Marine  
  176  12:44  Marine x6  
  166  12:45  Marine  
  166  12:46  Supply Depot  
  168  12:52  Marine x5  
  168  12:53  Marine  
  174  13:02  Planetary Fortress, Marine  
  174  13:03  Marine x3  
  174  13:08  Siege Tank  
  175  13:13  Marine x2  
  175  13:15  Marine  
  175  13:16  Marine x2  
  181  13:20  SCV x3  
  179  13:34  Marine  
  180  13:35  Marine x3  
  180  13:36  Marine x2  
  180  13:40  Siege Tank  
  169  13:42  Marine x3  
  169  13:43  Marine x2  
  169  13:48  Refinery x2  
  174  13:49  Marine x4  
  174  13:51  Marine  
  160  14:04  Marine x7  
  160  14:05  Marine  
  160  14:06  Marine, Medivac x2  
  156  14:12  Siege Tank  
  143  14:22  Marine x11  
  151  14:29  Marine x2  
  151  14:30  Marine x2  
  149  14:38  Terran Infantry Weapons Level 3  
  149  14:40  Marine x3  
  149  14:41  Terran Infantry Armor Level 3  
  152  14:46  Command Center  
  152  14:49  Marine x3  
  152  14:50  Marine  
  152  14:52  Marine  
  156  14:53  Marine  
  156  14:55  Supply Depot  
  156  14:56  Marine  
  156  14:59  Marine x2  
  161  15:00  Marine  
  161  15:01  Marine  
  161  15:05  Marine x2  
  165  15:09  Marine  
  165  15:10  Missile Turret  
  165  15:11  Marine  
  165  15:12  Marine  
  168  15:15  Marine x2  
  168  15:20  Marine  
  171  15:22  Marine  
  171  15:23  Marine  
  171  15:25  Marine x2, Liberator  
  171  15:27  Liberator  
  175  15:35  Command Center  
  175  15:39  Marine  
  175  15:40  Marine x4  
  184  15:51  Marine x4  
  184  15:52  Marine x2  
  184  15:55  Marine  
  184  15:56  Marine  
  183  16:09  Marine  
  183  16:10  Marine x8  
  188  16:11  Marine  
  188  16:12  Marine  
  190  16:28  Marine x7  
  190  16:29  Marine x3  
  200  16:36  Marine  
  196  17:03  Marine x3  
  196  17:04  Marine x3  
  200  17:18  Starport  
  200  17:19  Starport  
  200  17:20  Starport  
  200  17:21  Starport  
  200  17:22  Starport  
  188  18:02  Marine x2  
  188  18:05  Starport Tech Lab x4  
  190  18:29  Marine  
Show
View Real Time Build Order
Export as new Build Order

HeatedStove Terran 

Build Orders:  

Get SALT Encoding   

  12  0:00  SCV  
  13  0:12  SCV  
  14  0:18  Supply Depot  
  14  0:24  SCV  
  14  0:27  Refinery  
  15  0:39  SCV  
  16  0:44  Barracks  
  16  0:51  SCV  
  16  0:54  Refinery  
  17  1:04  SCV  
  18  1:16  SCV  
  19  1:31  Orbital Command  
  19  1:32  Reaper  
  20  1:34  Factory  
  20  1:45  Supply Depot  
  20  1:58  SCV  
  21  2:04  Reaper  
  22  2:10  SCV  
  23  2:18  Hellion  
  25  2:26  Command Center  
  25  2:29  SCV  
  26  2:39  Widow Mine  
  28  2:44  Starport  
  28  2:46  SCV  
  28  2:48  Barracks Reactor  
  29  2:53  Supply Depot  
  28  3:12  SCV  
  28  3:20  Factory Tech Lab  
  28  3:22  Starport Tech Lab  
  28  3:26  SCV  
  29  3:36  Marine  
  29  3:37  Marine  
  29  3:38  SCV  
  29  3:39  Cyclone  
  29  3:41  Raven  
  37  3:50  SCV  
  37  3:52  Orbital Command  
  38  3:56  Marine x2  
  38  4:02  SCV  
  41  4:11  Siege Tank  
  41  4:14  Marine x2, SCV  
  41  4:16  Supply Depot  
  47  4:18  SCV  
  48  4:27  SCV  
  48  4:30  SCV  
  50  4:36  Starport Reactor  
  50  4:37  Barracks x2  
  50  4:39  Supply Depot  
  50  4:40  SCV  
  50  4:43  SCV  
  50  4:45  Siege Tank  
  55  4:50  Stimpack  
  55  4:53  Marine  
  55  4:54  SCV  
  55  4:55  SCV  
  58  5:06  SCV  
  59  5:07  Supply Depot  
  59  5:08  SCV  
  60  5:17  Siege Tank  
  60  5:19  SCV  
  60  5:20  SCV  
  60  5:21  Marine  
  66  5:24  Refinery  
  66  5:27  Starport Reactor  
  66  5:29  Marine x2  
  66  5:30  Supply Depot  
  66  5:31  SCV  
  69  5:37  SCV  
  69  5:40  Marine  
  69  5:41  Supply Depot  
  69  5:42  Marine x2  
  71  5:43  SCV  
  71  5:49  SCV  
  75  5:53  Refinery, Supply Depot  
  75  5:55  Marine x2, Siege Tank, SCV  
  81  5:58  Marine  
  81  6:00  Marine x2  
  81  6:03  SCV  
  85  6:07  SCV  
  85  6:10  Medivac, Supply Depot  
  88  6:13  Medivac  
  88  6:16  Supply Depot  
  88  6:17  SCV  
  88  6:19  SCV  
  89  6:26  Marine x3  
  89  6:27  Marine x2  
  89  6:29  Siege Tank  
  97  6:41  SCV  
  97  6:43  Command Center  
  96  6:54  Marine, Supply Depot  
  96  6:55  Combat Shield, Marine  
  96  6:56  Marine x3  
  96  6:58  SCV x2  
  103  7:09  Medivac  
  103  7:10  Medivac  
  103  7:12  Marine  
  106  7:29  Marine x4  
  99  7:30  Siege Tank  
  99  7:34  Barracks  
  99  7:35  Barracks  
  99  7:36  Engineering Bay x2  
  102  7:44  Marine  
  102  7:47  Marine  
  95  8:13  Marine  
  95  8:14  Marine x3  
  95  8:15  Marine  
  95  8:16  Terran Infantry Weapons Level 1, Terran Infantry Armor Level 1  
  95  8:17  Orbital Command  
  95  8:18  SCV  
  95  8:19  SCV  
  100  8:22  Barracks Reactor x2, Sensor Tower  
  100  8:23  Medivac x2, Siege Tank  
  101  8:31  SCV  
  99  8:47  Marine  
  99  8:48  Marine x4  
  99  8:49  Concussive Shells  
  99  8:50  SCV x3  
  99  8:53  Medivac x2  
  96  9:19  Marine x2  
  96  9:20  Marine x6  
  96  9:21  Siege Tank  
  105  9:24  Armory  
  105  9:26  Marine  
  105  9:28  Command Center  
  106  9:33  SCV x2  
  106  9:35  Factory  
  106  9:36  Refinery  
  106  9:37  Missile Turret, Marine  
  106  9:38  Missile Turret  
  109  9:40  Refinery  
  109  9:43  Missile Turret  
  109  9:44  Missile Turret x2  
  109  9:49  Missile Turret x2  
  109  9:50  Marine x7  
  109  9:51  Missile Turret, Marine  
  117  9:55  SCV x2  
  119  10:01  Siege Tank  
  119  10:06  Marine  
  123  10:12  Marine  
  123  10:13  Marine x4  
  123  10:14  Marine  
  129  10:23  Marine  
  129  10:24  Marine  
  129  10:26  Factory Tech Lab  
  131  10:32  Marine x5  
  131  10:33  Marine, Siege Tank  
  140  10:36  Supply Depot  
  139  10:46  Marine x2  
  139  10:47  Marine  
  142  10:50  Marine  
  142  10:54  Medivac  
  142  10:55  Medivac  
  147  11:06  Marine x5  
  147  11:07  Siege Tank x2  
  158  11:18  Marine x4  
  160  11:24  Terran Vehicle Weapons Level 1, Medivac  
  164  11:37  Refinery, Sensor Tower  
  164  11:40  Refinery  
  164  11:46  Marine x3, Supply Depot  
  164  11:47  Marine x3, Supply Depot, Medivac  
  164  11:48  Marine x2, Siege Tank  
  164  12:01  Siege Tank  
  167  12:08  Planetary Fortress  
  167  12:20  Medivac x2, Siege Tank  
  174  12:31  Marine  
  174  12:32  Marine x8  
  174  12:34  Siege Tank  
  170  12:49  Marine  
  170  12:50  Marine x3  
  174  12:52  Siege Tank  
  174  12:53  Barracks  
  174  12:54  Barracks x2  
  174  12:55  Terran Infantry Weapons Level 2  
  174  12:56  Terran Infantry Armor Level 2  
  176  13:06  Siege Tank  
  173  13:15  Marine x3  
  173  13:16  Missile Turret  
  173  13:17  Missile Turret x2  
  170  13:23  Marine x4  
  170  13:24  Siege Tank  
  168  13:29  Marine x2  
  168  13:33  Marine x2  
  170  14:01  Siege Tank  
  123  14:16  Marine x3  
  123  14:17  Marine x6  
  108  14:18  Siege Tank  
  107  14:33  Siege Tank  
  107  14:34  Marine x4, Command Center  
  107  14:38  Marine x5  
  115  14:44  Terran Vehicle Weapons Level 2  
  119  14:52  Marine x4  
  123  14:55  Marine  
  123  14:57  Marine x3  
  123  14:58  Marine  
  128  15:04  Siege Tank  
  131  15:09  Marine  
  131  15:10  Marine x3  
  131  15:13  Marine  
  136  15:15  Marine x3, Siege Tank  
  142  15:25  Marine  
  142  15:27  Marine x2  
  142  15:28  Marine  
  146  15:41  Marine  
  147  15:42  Marine  
  66  16:20  Marine x9  
  56  16:38  Marine x9  
  24  17:52  Viking x2  
Tags
 
League
Master
Matchup
TvT
Race
Terran
Spawn Locations
Cross Positions
Add a new tag
Caveats
  • Supply blocks, unpowered buildings, or Contaminate may cause inaccurate times.
  • Supply counts are checked every 10 seconds.